AoeStats
← 雾海上的漫游者

Arabia

507686329Analyzed
1v1 RM · 14d ago on Sep 19, 2026· 41m 1s· 2 players
Game mode
Random Map
Map size
Tiny (2 player)
Population
200
Speed
Normal
Resources
Standard
Victory
Conquest
Starting age
Dark Age
Ending age
Imperial Age
RankedLock teamsTeams togetherTeam positionsShared explorationLock speedFull tech treeHidden civsTurbo modeCheats
Victory
Defeat
🇪🇸 Mongols · Spain
949
+16
🇨🇳 Teutons · China
959
-16
_MBD_
0:28 Loom
11:15 Feudal Age
14:16 Forging
16:31 Fletching
25:09 Castle Age
24:15 Bloodlines
26:31 Double-Bit Axe
31:51 Gold Mining
32:48 Wheelbarrow
34:42 Bow Saw
34:15 Horse Collar
36:20 Iron Casting
42:21 Imperial Age
43:09 Imperial Age
雾海上的漫游者
3:41 Loom
6:02 Loom
13:57 Feudal Age
14:27 Double-Bit Axe
14:41 Horse Collar
15:50 Man-at-Arms
18:11 Wheelbarrow
26:33 Castle Age
28:34 Bow Saw
31:53 Hand Cart
31:30 Long Swordsman
32:05 Gambesons
37:01 Arson
37:56 Squires
Connection lost

Rejoining the realm…

Still unreachable

The connection could not be restored.

Session expired

The server has moved on; the page needs a fresh start.